 Dungeon Crawl Stone Soup version 0.31.0-11-ge490571c62 (webtiles) character file.

Game seed: 8428705256939564929

31 sanka the Changeling (level 3, -17/26 HPs)
             Began as a Merfolk Shapeshifter on Feb 3, 2024.
             Demolished by a goblin
             ... wielding a +0 dagger of distortion
              (18 damage)
             ... on level 2 of the Dungeon.
             The game lasted 00:01:19 (1470 turns).

sanka the Changeling (Merfolk Shapeshifter)         Turns: 1470, Time: 00:01:20

Health: -17/26     AC:  2    Str: 14    XL:     3   Next: 22%
Magic:  3/3        EV: 12    Int:  9    God:
Gold:   82         SH:  0    Dex: 15    Spells: 2/2 levels left

rFire   . .          .
                       - Unarmed
rCold   . . .        (no shield)
rNeg    . . .        a - +0 animal skin
rPois   .            (helmet currently unavailable)
rElec   .            (cloak currently unavailable)
rCorr   .            (gloves currently unavailable)
SInv    .            (boots currently unavailable)
Will    .....        (no amulet)
Stlth   +            (no ring)
HPRegen 0.24/turn    (no ring)
MPRegen 0.08/turn

%: no passive effects
@: beast-form
A: beast (slay +3), (nimble swimmer 2), mertail
a: Begin Untransformation


You were on level 2 of the Dungeon.
You were a hulking beast.
You visited 1 branch of the dungeon, and saw 2 of its levels.

You collected 82 gold pieces.


Innate Abilities, Weirdness & Mutations

You are a hulking beast.
Your limbs bulge with bestial killing power. (Slay +3)
((You are very nimble when in or above water. (Stealth+, EV+, Speed+++)))
Your lower body shifts to a powerful aquatic tail in water.


   Skills:
 - Level 1.1 Fighting
 - Level 2.6 Dodging
 - Level 3.2 Unarmed Combat
 + Level 5.4 Shapeshifting


You had 2 spell levels left.
You didn't know any spells.
Your spell library contained the following spells:

 Spells                   Type           Power      Damage    Failure   Level
 Inner Flame              Hex/Fire       0%         N/A       77%         3
 Irradiate                Conj/Alch      0%         3d11      100%        5
 Ignition                 Fire           0%         3d3       100%        8

Inventory:

Missiles
 n - 6 curare-tipped darts {=f}
Armour
 a - a +0 animal skin (worn)
Magical Staves
 d - a staff of cold
Talismans
 c - a beast talisman
 l - a flux talisman
Scrolls
 e - a scroll of noise {unknown}
 g - a scroll of enchant armour {unknown}
 i - 2 scrolls of torment {unknown}
 j - a scroll of acquirement {unknown}
 k - 2 scrolls of identify {unknown}
 m - a scroll of fog {unknown}
Potions
 b - 2 potions of lignification {!q}
 f - 2 potions of curing {unknown}
 h - a potion of invisibility {unknown}

Dungeon Overview and Level Annotations

Branches:
Dungeon (2/15)

Altars:

Annotations:
D:2 Terence

▒▒▒.....g
.'.....▒ .
▒.....▒
.h..▒..gh.▒
...hg..gg▒
▒▒▒▒▒▒▒▒▒
.@...▒.▒.▒
▒.......▒ ...
▒.▒.▒▒▒..@....▒ .
▒.▒..▒▒..hg...▒
▒.▒▒..g...hh..▒ ▒
▒. ▒....g▒▒▒▒▒▒ ▒
▒. ▒.....▒ ▒ ▒.
▒.....▒
▒▒▒▒▒▒▒▒▒▒▒ ▒
▒.....▒
▒.........▒▒▒
▒.....▒
▒............
▒▒▒▒▒.....▒▒
▒...†........ ▒
..▒▒......▒
▒......).....
▒▒▒▒▒▒.▒▒......▒▒
▒.....)......


You could see Terence, 2 jackals, a hobgoblin and 2 goblins.


Message History

The ball python bites you. The ball python grabs you.
The ball python constricts you.
You punch the ball python!
You kill the ball python!
The jackal bites you.
Okay, then.
The jackal bites you. The goblin barely misses you.
The jackal closely misses you.
You closely miss the hobgoblin.
The goblin hits you with a +0 dagger of distortion.
* * * LOW HITPOINT WARNING * * *
Space warps around you.
* * * LOW HITPOINT WARNING * * *
The hobgoblin closely misses you. The jackal bites you.
* * * LOW HITPOINT WARNING * * *
Unknown command.
The jackal bites you.
* * * LOW HITPOINT WARNING * * *
The jackal attacks as it pursues you! The jackal bites you.
* * * LOW HITPOINT WARNING * * *
The goblin attacks as it pursues you!
The goblin hits you with a +0 dagger of distortion.
* * * LOW HITPOINT WARNING * * *
Space warps horribly around you!!
Ouch! That really hurt!
You die...

Action                     || total
---------------------------++-------
  Melee: Unarmed           ||    50
 Armour: Animal skin       ||    26
  Dodge: Dodged            ||    22

Levels and vault maps discovered:
D:1:      dpeg_arrival_three_same_balls, layout_basic, serial_co_window_serial,
          co_window_corner_a, co_window_paths_b, co_window_paths_b,
          co_window_corner_a, co_window_paths_b, co_window_paths_a,
          co_window_paths_b, co_window_unsneaky_path_b, co_window_cross_2,
          co_window_2corner, co_window_sun, co_window_4corner_b,
          glass_columns_b, glass_columns_a, glass_columns_a, glass_columns_a
D:2:      layout_basic, uniq_terence

Notes
Turn   | Place    | Note
-------+----------+-------------------------------------------
     0 | D:1      | sanka the Merfolk Shapeshifter began the quest for the Orb.
     0 | D:1      | Reached XP level 1. HP: 15/15 MP: 1/1
   461 | D:1      | Reached XP level 2. HP: 21/21 MP: 2/2
  1247 | D:2      | Reached skill level 5 in Shapeshifting
  1270 | D:2      | Reached XP level 3. HP: 26/26 MP: 3/3
  1448 | D:2      | Noticed Terence
  1470 | D:2      | HP: 1/26 [goblin/+0 dagger of distortion (2)]
  1470 | D:2      | Demolished by a goblin

Vanquished Creatures
  An adder (D:2)
  2 ribbon worms (D:2)
  An endoplasm (D:2)
  2 giant cockroaches
  3 hobgoblins
  2 kobolds (D:1)
  2 ball pythons (D:2)
  A frilled lizard (D:2)
  2 rats
16 creatures vanquished.
